 Dungeon Crawl Stone Soup version 0.31-a0-145-g046c7d2549 (webtiles) character file.

Game seed: 12687266706048203306

81 Faragor the Chiller (level 4, -3/24 HPs)
             Began as a Deep Elf Ice Elementalist on June 7, 2023.
             Succumbed to a scorpion's poison
             ... on level 4 of the Dungeon.
             The game lasted 00:04:21 (2232 turns).

Faragor the Chiller (Deep Elf Ice Elementalist)     Turns: 2232, Time: 00:04:22

Health: -3/24      AC:  2    Str:  5    XL:     4   Next: 20%
Magic:  11/11      EV: 13    Int: 22    God:
Gold:   101        SH:  0    Dex: 15    Spells: 9/10 levels left

rFire   . . .        g - +0 dagger (elec)
rCold   . . .        (no shield)
rNeg    . . .        a - +0 robe
rPois   .            (no helmet)
rElec   .            (no cloak)
rCorr   .            (no gloves)
SInv    .            (no boots)
Will    .....        (no amulet)
Stlth   ++           (no ring)
HPRegen 0.24/turn    (no ring)
MPRegen 0.12/turn

%: no passive effects
@: lethally poisoned (-3 -> -17)
A: no striking features
a: no special abilities


You were on level 4 of the Dungeon.
You visited 1 branch of the dungeon, and saw 3 of its levels.

You collected 101 gold pieces.

Inventory:

Hand Weapons
 g - a +0 dagger of electrocution (weapon)
Armour
 a - a +0 robe (worn)
Scrolls
 e - a scroll of amnesia {unknown}
 f - 2 scrolls of immolation
 h - a scroll of vulnerability {unknown}
 i - a scroll of poison {unknown}
Potions
 b - a potion of magic
 c - 2 potions of mutation {unknown}
 d - a potion of haste {unknown}


   Skills:
 + Level 3.4 Dodging
 + Level 3.6 Stealth
 + Level 3.9 Spellcasting
 + Level 4.9 Ice Magic


You had 9 spell levels left.
You knew the following spells:

 Your Spells              Type           Power      Damage    Failure   Level
a - Freeze                Ice            100%       1d10      1%          1

Your spell library contained the following spells:

 Spells                   Type           Power      Damage    Failure   Level
 Frozen Ramparts          Ice            52%        1d8       4%          3
 Ozocubu's Armour         Ice            26%        N/A       4%          3
 Sting                    Tmut/Pois      16%        1d3       12%         1
 Hailstorm                Conj/Ice       15%        3d5       12%         3
 Poisonous Vapours        Pois/Air       8%         N/A       17%         2
 Summon Ice Beast         Ice/Summ       15%        N/A       38%         4
 Olgreb's Toxic Radiance  Pois           4%         N/A       75%         4


Dungeon Overview and Level Annotations

Branches:
Dungeon (2/15)

Altars:


Message History

Magic restored.
You start resting.
HP restored.
You start waiting.
Done waiting.
A sourceless malevolence fills the Dungeon...
You fall into a shaft and drop 2 floors!
The shaft crumbles and collapses.
Found a plate armour and 7 gold pieces.
Found 13 gold pieces.
You see here a +0 plate armour.
You now have 88 gold pieces (gained 7).
You now have 101 gold pieces (gained 13).
Why would you want to do that?
You see here a +0 plate armour.
You open the gate.
There is an open gate here.
A scorpion comes into view.
Found a Young Poisoner's Handbook.
Found a stone staircase leading up.
The scorpion barely misses you. The scorpion attacks as you move away!
The scorpion barely misses you. The scorpion stings you.
You are poisoned.
The scorpion poisons you!
You feel very sick. The scorpion attacks as you move away!
The scorpion barely misses you.
You feel sick.
You see here a Young Poisoner's Handbook.
You pick up a Young Poisoner's Handbook and begin reading...
You add the spells Sting, Poisonous Vapours and Olgreb's Toxic Radiance to your library.
You feel sick. The scorpion barely misses you.
You feel sick. The scorpion stings you.
You are lethally poisoned!
The scorpion poisons you!
* * * LOW HITPOINT WARNING * * *
You feel very sick. The scorpion barely misses you.
The scorpion attacks as you move away! The scorpion stings you.
* * * LOW HITPOINT WARNING * * *
You die...

... #.# .# #.# ... #.# ..
#.# #.####.### #........#
#.<@.s..# ##......#
#......# #≈.≈# #......#
#≈.≈# #......####≈.≈#
#..############....#≈.≈#
#................##≈.≈#
#########.#########§§≈#####
#.'.§≈≈≈≈≈≈≈.≈§≈≈≈≈


You could see a scorpion.

Vanquished Creatures
  Robin (D:2)
  2 adders (D:2)
  A worm (D:2)
  3 dart slugs (D:1)
  2 bats
  4 endoplasms
  2 giant cockroaches (D:1)
  14 goblins
  4 hobgoblins
  2 kobolds (D:1)
  4 ball pythons
  A frilled lizard (D:1)
  A rat (D:2)
41 creatures vanquished.

Notes
Turn   | Place    | Note
-------+----------+-------------------------------------------
     0 | D:1      | Faragor the Deep Elf Ice Elementalist began the quest for
                  | the Orb.
     0 | D:1      | Reached XP level 1. HP: 10/10 MP: 6/6
   181 | D:1      | Reached XP level 2. HP: 15/15 MP: 5/8
   721 | D:1      | Found a faded altar of an unknown god.
   743 | D:1      | Reached XP level 3. HP: 18/19 MP: 7/10
  1564 | D:2      | Noticed Robin
  1604 | D:2      | Killed Robin
  1605 | D:2      | Reached XP level 4. HP: 17/24 MP: 1/11
  2171 | D:2      | You fall into a shaft and drop 2 floors!
  2209 | D:4      | Noticed a scorpion
  2232 | D:4      | HP: 1/24 [scorpion (6)]
  2232 | D:4      | Succumbed to a scorpion's poison

Illustrated notes

Levels and vault maps discovered:
D:1:      doesnt_arrival_eight_statues, layout_basic,
          hellmonk_ecumenical_altar_blasted
D:2:      layout_loops_ring, dk_vineyard_2, reono_crystal_passage,
          corexii_leaking_fountain, uniq_robin
D:4:      layout_rooms, cheibrodos_worm_habitat, kennysheep_cross_bottleneck,
          st_stairs_6

Skill      XL: |  1  2 |
---------------+-------+-----
Stealth        | 3 |  3.6
Dodging        | 3 |  3.4
Spellcasting   | |  3.9
Ice Magic      | |  4.9

Action                     |  1- 3 |  4- 6 || total
---------------------------+-------+-------++-------
  Melee: Dagger            |     2 |     6 ||     8
         Unarmed           |     1 |       ||     1
   Cast: Freeze            |    52 |     9 ||    61
 Armour: Robe              |     3 |     2 ||     5
  Dodge: Dodged            |    25 |    15 ||    40

Table legend: (Time is in decaauts)
 A = Elapsed time spent in this place.
 B = Non-inter-level travel time spent in this place.
 C = Inter-level travel time spent in this place.
 D = Time resting spent in this place.
 E = Time spent auto-exploring this place.
 F = Levels seen in this place.
 G = Mean time per level.
                   A        B        C        D        E       F      G
               +--------+--------+--------+--------+--------+-----+--------+
         Total |   2231 |   2187 |     44 |   1290 |    605 |   3 |  743.7 |
       Dungeon |   2231 |   2187 |     44 |   1290 |    605 |   3 |  743.7 |
               +--------+--------+--------+--------+--------+-----+--------+

Top non-repeatable levels by time:
     D:1: 1413 daAuts
     D:2: 756 daAuts
     D:4: 60 daAuts
